 Dungeon Crawl Stone Soup version 0.31-a0-532-g28f74ba3e5 (webtiles) character file.

Game seed: 1176985757736946159

125 bobarctor the Covered (level 4, 0/27 HPs)
             Began as a Deep Elf Fighter on Aug 12, 2023.
             Slain by an ice beast (12 damage)
             ... on level 4 of the Dungeon.
             The game lasted 00:09:13 (2711 turns).

bobarctor the Covered (Deep Elf Fighter)            Turns: 2711, Time: 00:09:13

Health: 0/27       AC:  9    Str: 13    XL:     4   Next: 82%
Magic:  9/9        EV:  8    Int: 15    God:
Gold:   112        SH:  5    Dex: 14    Spells: 7/8 levels left

rFire   . . .        a - +0 rapier
rCold   . . .        c - +0 buckler
rNeg    . . .        b - +0 scale mail
rPois   .            (no helmet)
rElec   .            o - +0 cloak
rCorr   .            (no gloves)
SInv    +            q - +0 pair of boots
Will    .....        p - amulet of the acrobat Stlth
                     r - ring of see invisible
HPRegen 0.24/turn    (no ring)
MPRegen 0.11/turn

%: acrobat
@: no status effects
A: no striking features
a: no special abilities


You were on level 4 of the Dungeon.
You visited 1 branch of the dungeon, and saw 4 of its levels.

You collected 112 gold pieces.

Inventory:

Hand Weapons
 a - a +0 rapier (weapon)
 n - a +2 quarterstaff of chaos
Armour
 b - a +0 scale mail (worn)
 c - a +0 buckler (worn)
 o - a +0 cloak (worn)
 q - a +0 pair of boots (worn)
Jewellery
 p - an amulet of the acrobat (around neck)
 r - a ring of see invisible (left hand)
Talismans
 u - a flux talisman
Scrolls
 e - 2 scrolls of identify {unknown}
 f - a scroll of teleportation {unknown}
 g - a scroll of immolation {unknown}
 k - a scroll of amnesia {unknown}
 l - a scroll of enchant armour {unknown}
 t - a scroll of brand weapon {unknown}
 w - a scroll of revelation {unknown}
Potions
 d - a potion of might
 h - a potion of invisibility {unknown}
 i - a potion of heal wounds {unknown}
 j - 2 potions of degeneration {unknown}
 m - 2 potions of haste {unknown}
 s - a potion of lignification {unknown}
 v - a potion of mutation {unknown}


   Skills:
 + Level 2.8 Fighting
 + Level 3.0 Short Blades
 - Level 3.0 Armour
 + Level 0.8 Dodging
 + Level 0.1 Stealth
 + Level 2.8 Shields
 * Level 2.5 Spellcasting


You had 7 spell levels left.
You knew the following spells:

 Your Spells              Type           Power      Damage    Failure   Level
a - Necrotise             Necr           4%         1d4       78%         1

Your spell library contained the following spells:

 Spells                   Type           Power      Damage    Failure   Level
 Apportation              Tloc           2%         N/A       78%         1
 Summon Small Mammal      Summ           4%         N/A       78%         1
 Fireball                 Conj/Fire      0%         3d3       100%        5
 Iskenderun's Battlesphe  Conj           1%         2d6       100%        5
 Conjure Ball Lightning   Conj/Air       0%         3x3d6     100%        6
 Orb of Destruction       Conj           0%         9d5       100%        7


Dungeon Overview and Level Annotations

Branches:
Dungeon (4/15)
 Temple: D:4-7

Altars:
Makhleb

Annotations:
D:3 Terence


Message History

There is a stone staircase leading up here.
Found a stone staircase leading down.
As you open the door, it creaks loudly!
There is an open door here.
As you open the door, it creaks loudly!
There is an open door here.
You now have 112 gold pieces (gained 6).
There is an open door here.
You open the door.
Terence is nearby!
Terence shouts!
There is an open door here.
Terence asks, "Do you want it fast or slow?"
There is a stone staircase leading up here.
Casting: Necrotise (safe; 78% risk of failure)
Confirm with . or Enter, or press ? or * to list all spells.
Okay, then.
You climb upwards.
There is a stone staircase leading down here.
There is a stone staircase leading down here.
You climb downwards.
Level annotation: Terence
There is a stone staircase leading up here.
There is an open door here.
Terence is nearby!
There is an open door here.
Terence screams, "I'm going to kill you!"
There is an open door here.
There is a stone staircase leading down here.
You climb downwards.
There is a stone staircase leading up here.
You hit the ice beast but do no damage.
The ice beast hits you but does no damage.
You hit the ice beast.
The ice beast is lightly wounded.
The ice beast hits you. The ice beast freezes you!
You hit the ice beast but do no damage.
The ice beast is lightly wounded.
The ice beast hits you. The ice beast freezes you!
You die...

.........
.........
........
......# #....#
####
..##....##.....
.......Y.......
.......@.......
........###+#..
........#
+###....#
#....# .....+
##....# #....#


You could see an ice beast.

Vanquished Creatures
  Crazy Yiuf (D:2)
  Natasha (D:2)
  2 adders
  A worm (D:3)
  A dart slug (D:1)
  6 ball pythons
  5 bats
  5 endoplasms
  2 giant cockroaches
  4 goblins
  4 hobgoblins
  4 jackals
  A quokka (D:2)
  2 frilled lizards
  6 kobolds
  2 rats
47 creatures vanquished.

Notes
Turn   | Place    | Note
-------+----------+-------------------------------------------
     0 | D:1      | bobarctor the Deep Elf Fighter began the quest for the Orb.
     0 | D:1      | Reached XP level 1. HP: 13/13 MP: 3/3
   167 | D:1      | Reached skill level 1 in Spellcasting
   167 | D:1      | Reached XP level 2. HP: 17/18 MP: 3/5
  1337 | D:2      | Reached XP level 3. HP: 22/22 MP: 6/6
  1388 | D:2      | Found a burning altar of Makhleb.
  1446 | D:2      | Noticed Natasha
  1455 | D:2      | Killed Natasha
  1564 | D:2      | Reached XP level 4. HP: 27/27 MP: 8/8
  1918 | D:2      | Found a runed translucent door.
  1919 | D:2      | Noticed Crazy Yiuf
  1926 | D:2      | Killed Crazy Yiuf
  2358 | D:3      | Noticed Terence
  2412 | D:3      | Learned a level 1 spell: Necrotise
  2703 | D:4      | Noticed an ice beast
  2711 | D:4      | Slain by an ice beast

Illustrated notes

Levels and vault maps discovered:
D:1:      saegor_arrival_fortress, layout_loops_ring, hex_tiny, st_stairs_1,
          chequers_serial_rivers_micro_d, chequers_serial_rivers_micro_b
D:2:      layout_basic, basic_altar, uniq_natasha, uniq_crazy_yiuf_cottage
D:3:      layout_basic, uniq_terence
D:4:      minmay_spotlight, layout_gridville, minmay_temple_entry_gardened_gates

Skill      XL: |  1  2  3  4 |
---------------+-------------+-----
Spellcasting   | 1 2 |  2.5
Armour         | 3 |  3.0
Short Blades   | 3 |  3.0
Fighting       | |  2.8
Dodging        | |  0.8
Stealth        | |  0.1
Shields        | |  2.8

Action                     |  1- 3 |  4- 6 || total
---------------------------+-------+-------++-------
  Melee: Rapier            |   124 |    87 ||   211
 Armour: Scale mail        |    56 |    31 ||    87
  Dodge: Dodged            |    46 |    29 ||    75
  Block: Buckler           |    29 |    20 ||    49

Table legend: (Time is in decaauts)
 A = Elapsed time spent in this place.
 B = Non-inter-level travel time spent in this place.
 C = Inter-level travel time spent in this place.
 D = Time resting spent in this place.
 E = Time spent auto-exploring this place.
 F = Levels seen in this place.
 G = Mean time per level.
                   A        B        C        D        E       F      G
               +--------+--------+--------+--------+--------+-----+--------+
         Total |   2738 |   2585 |    153 |    301 |   1649 |   4 |  684.5 |
       Dungeon |   2738 |   2585 |    153 |    301 |   1649 |   4 |  684.5 |
               +--------+--------+--------+--------+--------+-----+--------+

Top non-repeatable levels by time:
     D:1: 1303 daAuts
     D:2: 753 daAuts
     D:3: 673 daAuts
     D:4: 7 daAuts
